 Dungeon Crawl Stone Soup version 0.30.0-5-g1a98f26d00 (webtiles) character file.

Game seed: 4648331683755887659

35 jimonade the Cutter (level 3, -1/24 HPs)
             Began as a Kobold Monk on May 9, 2023.
             Succumbed to a kobold's poison
             ... on level 2 of the Dungeon.
             The game lasted 00:01:52 (1037 turns).

jimonade the Cutter (Kobold Monk)                   Turns: 1037, Time: 00:01:53

Health: -1/24      AC:  5    Str:  8    XL:     3   Next: 55%
Magic:  3/3        EV: 14    Int: 11    God:
Gold:   81         SH:  0    Dex: 19    Spells: 2/2 levels left

rFire   . . .        a - +0 short sword
rCold   . . .        d - orb {light}
rNeg    . . .        o - +0 ring mail
rPois   .            (no helmet)
rElec   .            (no cloak)
rCorr   .            (no gloves)
SInv    .            (no boots)
Will    .....        (no amulet)
Stlth   +            (no ring)
HPRegen 0.24/turn    (no ring)
MPRegen 0.08/turn

%: no passive effects
@: lethally poisoned (-1 -> -8), glowing
A: small, no large weapons, nightstalker 3
a: no special abilities


You were on level 2 of the Dungeon.
You visited 1 branch of the dungeon, and saw 2 of its levels.

You collected 81 gold pieces.

Inventory:

Hand Weapons
 a - a +0 short sword (weapon)
 k - a +0 dagger
Armour
 b - a +0 robe
 d - an orb of light (worn)
 o - a +0 ring mail (worn)
Magical Staves
 e - a staff of poison
 p - a staff of poison
Jewellery
 m - an amulet of magic regeneration
Scrolls
 h - 3 scrolls of fog {unknown}
 j - a scroll of identify {unknown}
 n - a scroll of torment {unknown}
Potions
 c - a potion of ambrosia
 f - a potion of degeneration {unknown}
 g - 2 potions of resistance {unknown}
 i - a potion of curing {unknown}
 l - a potion of mutation {unknown}


   Skills:
 + Level 3.7 Fighting
 + Level 4.6 Short Blades
 + Level 4.3 Dodging
 + Level 0.3 Stealth


You had 2 spell levels left.
You didn't know any spells.
Your spell library contained the following spells:

 Spells                   Type           Power      Damage    Failure   Level
 Simulacrum               Ice/Necr       0%         N/A       100%        6
 Ozocubu's Refrigeration  Ice            0%         4d7       100%        7
 Polar Vortex             Ice            0%         N/A       100%        9


Dungeon Overview and Level Annotations

Branches:
Dungeon (2/15)

Altars:


Innate Abilities, Weirdness & Mutations

You are small and have problems with some larger weapons.
You are completely attuned to the shadows.


Message History

You hit the hobgoblin but do no damage.
The hobgoblin is lightly wounded.
The hobgoblin hits you.
You hit the hobgoblin.
You kill the hobgoblin!
No target in view!
A bat comes into view.
The bat moves out of view.
You see here a staff of poison.
A bat is nearby!
You see here a staff of poison.
p - a staff of poison A kobold comes into view.
It is wielding a +1 dagger of venom.
The kobold shouts!
The kobold closely misses you.
You hit the bat but do no damage. The bat barely misses you.
The kobold hits you with a +1 dagger of venom.
You are poisoned.
You hit the kobold.
The kobold is heavily wounded.
You feel very sick. The bat hits you but does no damage.
You completely miss the kobold.
The kobold is heavily wounded.
You feel sick. The bat misses you.
The kobold hits you with a +1 dagger of venom.
You are lethally poisoned!
You closely miss the kobold.
The kobold is heavily wounded.
You feel very sick. The bat barely misses you. The kobold misses you.
You feel very sick.
* * * LOW HITPOINT WARNING * * *
You feel very sick. The bat misses you.
* * * LOW HITPOINT WARNING * * *
You feel sick.
* * * LOW HITPOINT WARNING * * *
You feel sick. The bat misses you.
You die...

#..................).# #
#...........####.....##### #
#..)..............##.....##
#
#...........#####.######..##
#...........# #.# ##..#####
#...........# #.# ##......
#...........# #.# ######.
#...........#####.# ###.
#...........##.@>.# .....
#...........##.#### .....
##############.# .....
#.Kb.# ..... #.#### ....
#..... .... #..... ......
......


You could see a bat.

Vanquished Creatures
  An adder (D:2)
  4 ball pythons
  3 bats (D:1)
  3 endoplasms (D:1)
  2 goblins
  4 hobgoblins
  2 quokkas (D:1)
  4 kobolds
23 creatures vanquished.

Notes
Turn   | Place    | Note
-------+----------+-------------------------------------------
     0 | D:1      | jimonade the Kobold Monk began the quest for the Orb.
     0 | D:1      | Reached XP level 1. HP: 14/14 MP: 1/1
   186 | D:1      | Reached XP level 2. HP: 16/19 MP: 2/2
   699 | D:2      | Reached XP level 3. HP: 24/24 MP: 3/3
  1036 | D:2      | HP: 1/24 [poisoned by a kobold]
  1037 | D:2      | Succumbed to a kobold's poison

Illustrated notes

Levels and vault maps discovered:
D:1:      tarquinn_simple_flora_water_b, layout_rooms
D:2:      layout_basic, shapermc_ecumenical_altar_petra

Skill      XL: |  1  2 |
---------------+-------+-----
Dodging        | 4 |  4.3
Fighting       | |  3.7
Short Blades   | |  4.6
Stealth        | |  0.3

Action                     || total
---------------------------++-------
  Melee: Short sword       ||    80
 Armour: Robe              ||    12
         Ring mail         ||     1
  Dodge: Dodged            ||    62
